AoeStats
← yyassir.adamo17

Enclosed

506475278Analyzed
1v1 RM · 20d ago on Sep 13, 2026· 65m 0s· 2 players
Game mode
Random Map
Map size
Tiny (2 player)
Population
200
Speed
Normal
Resources
Standard
Victory
Conquest
Starting age
Dark Age
Ending age
Imperial Age
RankedLock teamsTeams togetherTeam positionsShared explorationLock speedFull tech treeHidden civsTurbo modeCheats
Victory
Defeat
🇸🇪 Armenians · Sweden
716
+15
🇲🇿 Huns · Mozambique
700
-35
yyassir.adamo17
11:07 Feudal Age
11:42 Loom
11:53 Double-Bit Axe
18:05 Castle Age
17:28 Loom
18:05 Loom
18:53 Fletching
19:06 Padded Archer Armor
19:19 Thumb Ring
27:06 Gold Mining
27:36 Light Cavalry
32:30 Horse Collar
33:19 Marauders
38:34 Imperial Age
39:04 Husbandry
39:15 Bloodlines
41:40 Ballistics
41:25 Murder Holes
43:25 Conscription
43:44 Town Watch
45:37 Chemistry
53:41 Elite Tarkan
55:36 Bow Saw
62:16 Hussar
neman
11:00 Feudal Age
11:54 Town Watch
12:45 Wheelbarrow
12:14 Man-at-Arms
13:16 Long Swordsman
16:52 Horse Collar
17:52 Double-Bit Axe
21:02 Scale Mail Armor
21:16 Forging
24:37 Castle Age
24:13 Fletching
24:24 Padded Archer Armor
24:14 Arson
25:40 Gold Mining
26:35 Stone Mining
26:33 Gambesons
28:11 Heavy Plow
29:11 Bow Saw
30:08 Squires
31:37 Bodkin Arrow
31:58 Leather Archer Armor
32:54 Iron Casting
32:48 Chain Mail Armor
32:57 Ballistics
34:44 Gold Shaft Mining
34:14 Two-Handed Swordsman
35:50 Hand Cart
39:59 Imperial Age
42:38 Chemistry
42:27 Bracer
42:36 Champion
44:57 Blast Furnace
45:47 Plate Mail Armor
45:48 Ring Archer Armor
45:41 Conscription
45:54 Masonry
47:14 Elite Composite Bowman
48:00 Fereters
55:03 Hoardings
64:53 Murder Holes
Connection lost

Rejoining the realm…

Still unreachable

The connection could not be restored.

Session expired

The server has moved on; the page needs a fresh start.